 Dungeon Crawl Stone Soup version 0.23-a0-767-gdc19b93d68 (webtiles) character file.

707 Majang the Chopper (level 7, -1/54 HPs)
             Began as a Demonspawn Gladiator on Jan 22, 2019.
             Was a Follower of Makhleb.
             Slain by a troll (4 damage)
             ... on level 5 of the Dungeon.
             The game lasted 00:16:32 (4753 turns).

Majang the Chopper (Demonspawn Gladiator)           Turns: 4753, Time: 00:16:32

Health: -1/54      AC:  8    Str: 16    XL:     7   Next: 39%
Magic:  9/9        EV: 11    Int:  9    God:    Makhleb [*.....]
Gold:   237        SH:  0    Dex: 15    Spells: 6/6 levels left

rFire    + . .     SeeInvis .   a - +0 war axe
rCold    . . .     Gourm    .   (no shield)
rNeg     . . .     Faith    .   r - +0 scale mail
rPois    .         Spirit   .   (helmet restricted)
rElec    .         Reflect  .   (no cloak)
rCorr    .         Harm     .   q - +0 pair of gloves
MR       .....                  (no boots)
Stlth    ..........             (no amulet)
HPRegen  0.18/turn              (no ring)
MPRegen  0.11/turn              (no ring)

@: flying
A: horns 2, rugged brown scales 1, fire resistance 1, powered by pain 1
a: Renounce Religion


You were on level 5 of the Dungeon.
You worshipped Makhleb.
Makhleb was aware of your devotion.
You were not hungry.

You visited 2 branches of the dungeon, and saw 6 of its levels.

You collected 237 gold pieces.

Inventory:

Hand Weapons
 a - a +0 war axe (weapon)
 u - a +1 whip of electrocution
Missiles
 d - 3 throwing nets
 h - 4 javelins (quivered)
 i - 2 tomahawks
 t - 8 steel tomahawks
Armour
 j - a +0 chain mail
 q - a +0 pair of gloves (worn)
 r - a +0 scale mail (worn)
Jewellery
 k - an uncursed ring of fire {unknown}
 o - a +5 ring of strength {unknown}
Scrolls
 b - 2 scrolls of amnesia {unknown}
 c - 2 scrolls of blinking {unknown}
 e - 4 scrolls of identify
 g - a scroll of enchant weapon {unknown}
 l - 2 scrolls of fear {unknown}
 m - 2 scrolls of magic mapping {unknown}
 n - a scroll of summoning {unknown}
 p - 3 scrolls of remove curse
Comestibles
 f - 6 rations


   Skills:
 + Level 3.9 Fighting
 * Level 5.2 Axes
 - Level 1.7 Throwing
 + Level 2.7 Armour
 + Level 4.1 Dodging
 + Level 2.9 Invocations


You had 6 spell levels left.
You didn't know any spells.
Your spell library was empty.

Dungeon Overview and Level Annotations

Branches:
Dungeon (5/15)             Temple (1/1) D:4

Altars:
Ashenzari
Cheibriados
Dithmenos
Fedhas
Gozag
Hepliaklqana
Kikubaaqudgha
Makhleb
Okawaru
Qazlal
Sif Muna
Trog
Uskayaw
Vehumet
Wu Jian
Xom
Yredelemnul
Zin


Innate Abilities, Weirdness & Mutations

You have a pair of horns on your head.
You are partially covered in rugged brown scales. (AC +1, +3% HP)
Your flesh is heat resistant. (rF+)
You sometimes gain a little power by taking damage.


Message History

The troll is lightly wounded.
The troll closely misses you. The troll claws you!
The troll closely misses you. x2; The troll barely misses you.
The troll claws you but does no damage.
You closely miss the troll.
The troll is lightly wounded.
The troll bites you! The troll claws you. The troll misses you.
You slash the troll!
The troll is moderately wounded.
The troll bites you!
* * * LOW HITPOINT WARNING * * *
The troll barely misses you. The troll claws you.
* * * LOW HITPOINT WARNING * * *
As you read the scroll labeled DEULEDGH NUAC, it crumbles to dust.
It is a scroll of identify.
p - 3 scrolls of remove curse The troll bites you!
* * * LOW HITPOINT WARNING * * *
The troll claws you.
You die...

#.# #.# #.#
#.#
######.###
##........#
#..###..#.#
#...#...#
#.@###..#
#.#T# #..#
..###:#
#..# #..#
#.# #.# #..
#.. .# #.
#.# # # #..
#.# .#


You could see a troll.

Vanquished Creatures
  2 bullfrogs
  A scorpion (D:4)
  A howler monkey (Temple)
  A crimson imp (D:5)
  2 orc priests (D:4)
  2 hounds (D:4)
  A bullfrog skeleton (D:4)
  3 orc wizards
  A worker ant zombie (D:5)
  4 adders
  3 gnolls (D:4)
  2 oozes
  An adder skeleton (D:4)
  3 worms
  4 dart slugs
  A leopard gecko (D:2)
  10 orcs
  19 bats
  2 giant cockroaches (D:1)
  9 goblins
  11 hobgoblins
  15 jackals
  A quokka (D:3)
  A ball python (D:1)
  8 frilled lizards
  6 kobolds
  9 rats
123 creatures vanquished.

Notes
Turn   | Place    | Note
-------+----------+-------------------------------------------
     0 | D:1      | Majang the Demonspawn Gladiator began the quest for the
                  | Orb.
     0 | D:1      | Reached XP level 1. HP: 16/16 MP: 1/1
   252 | D:1      | Gained mutation: You sometimes gain a little power by
                  | taking damage. [demonic ancestry]
   252 | D:1      | Reached XP level 2. HP: 19/22 MP: 2/2
   257 | D:1      | Reached skill level 3 in Axes
   566 | D:1      | Reached XP level 3. HP: 28/28 MP: 3/3
   817 | D:2      | Reached skill level 1 in Armour
   861 | D:2      | Found a shattered altar of Ashenzari.
   882 | D:2      | Gained mutation: You are partially covered in rugged brown
                  | scales. (AC +1, +3% HP) [demonic ancestry]
   882 | D:2      | Reached XP level 4. HP: 28/35 MP: 4/4
  1422 | D:2      | Found a shimmering altar of Xom.
  1861 | D:3      | Noticed a bullfrog
  1879 | D:3      | Killed a bullfrog
  1879 | D:3      | Reached skill level 4 in Axes
  1879 | D:3      | Gained mutation: You have a pair of small horns on your
                  | head. [demonic ancestry]
  1879 | D:3      | Reached XP level 5. HP: 24/42 MP: 5/5
  2141 | D:3      | Found an ornate altar of the Wu Jian Council.
  2856 | D:4      | Found a staircase to the Ecumenical Temple.
  2875 | Temple   | Entered the Ecumenical Temple
  3021 | Temple   | Became a worshipper of Makhleb the Destroyer
  3110 | D:4      | Gained mutation: Your flesh is heat resistant. (rF+)
                  | [demonic ancestry]
  3110 | D:4      | Reached XP level 6. HP: 33/48 MP: 6/6
  3274 | Temple   | Reached skill level 1 in Invocations
  3749 | D:4      | Gained mutation: You have a pair of horns on your head.
                  | [demonic ancestry]
  3749 | D:4      | Reached XP level 7. HP: 21/54 MP: 8/8
  4089 | D:4      | Reached skill level 5 in Axes
  4356 | D:4      | Reached * piety under Makhleb
  4527 | D:5      | Entered Level 5 of the Dungeon
  4746 | D:5      | Noticed a troll
  4753 | D:5      | Slain by a troll

Vault maps used:
D:1:      giann_forest_graveyard, minmay_tripent
D:2:      xom_teletrap_fun, overflow_temple_1_default, first_ration
D:3:      lemuel_round_altar
D:4:      minmay_temple_entry_statues_pillars
D:5:      serial_glass, glass_columns_a, glass_columns_c, due_unseen_surprise,
          minmay_manual_mail
Temple:   regret_index_temple_generic_petals

Skill      XL: |  1  2  3  4  5  6  7 |
---------------+----------------------+-----
Axes           | 3 4 5 |  5.2
Dodging        | 3 4 |  4.1
Armour         | 1 2 |  2.7
Fighting       | 3 |  3.9
Invocations    | 2 |  2.9
Throwing       | |  1.7

Action                   |  1- 3 |  4- 6 |  7- 9 || total
-------------------------+-------+-------+-------++-------
Melee: War axe           |   104 |   237 |    54 ||   395
       Headbutt          |       |    22 |    10 ||    32
  Use: Potion            |       |     2 |     1 ||     3
       Scroll            |       |       |     1 ||     1
  Eat: Chunk             |       |    10 |     3 ||    13
Armor: Ring mail         |    41 |    24 |       ||    65
       Leather armour    |     6 |       |       ||     6
       Scale mail        |       |   129 |    21 ||   150
Dodge: Dodged            |    81 |   195 |    37 ||   313

Table legend:
 A = Non-vault XP
 B = Vault XP
 C = Vault XP percentage of total XP
 D = Non-vault monster count
 E = Vault monster count
 F = Vault count percentage of total count
                 A         B        C        D         E       F
            +---------+---------+-------+---------+---------+-------
      Total |     934 |      76 |   7.5 |     118 |       5 |   4.1
            +---------+---------+-------+---------+---------+-------
        D:1 |      38 |      11 |  22.4 |      25 |       2 |   7.4
        D:2 |      93 |       0 |   0.0 |      32 |       0 |   0.0
        D:3 |     191 |       0 |   0.0 |      30 |       0 |   0.0
        D:4 |     404 |       0 |   0.0 |      22 |       0 |   0.0
        D:5 |     103 |      65 |  38.7 |       5 |       3 |  37.5
     Temple |     105 |       0 |   0.0 |       4 |       0 |   0.0
            +---------+---------+-------+---------+---------+-------
